Map: Heavy Artillery LE

Players

Massa

  • Race: Terran Terran
  • League: Platinum
  • Spawn Location: 7:00

qqq

  • Race: Zerg Zerg
  • Spawn Location: 7:00

BlackBerry - Winner!

  • Race: Zerg Zerg
  • Spawn Location: 3:00

PakaZerg - Winner!

  • Race: Terran Terran
  • Spawn Location: 1:00

VOD

Have the link to the VOD?

Description

Time

  • Played on: April 5, 2021, 5:13 p.m.
  • Length: 15:57
Show
View Real Time Build Order
Export as new Build Order

Massa Terran 

Build Orders:  

Get SALT Encoding   

  12  0:01  SCV  
  13  0:13  SCV  
  14  0:23  Supply Depot  
  14  0:25  SCV  
  15  0:45  SCV  
  15  0:48  Barracks  
  16  0:57  SCV  
  17  1:04  Refinery  
  17  1:13  SCV  
  18  1:25  SCV  
  19  1:37  Marine  
  21  1:43  Orbital Command  
  20  1:47  Command Center  
  20  1:55  Supply Depot  
  20  1:57  Reaper  
  21  2:09  SCV  
  22  2:21  SCV  
  23  2:28  Factory  
  23  2:48  SCV  
  23  2:50  Command Center  
  24  2:52  Barracks Reactor  
  24  3:02  SCV  
  25  3:08  Refinery  
  25  3:13  Engineering Bay  
  25  3:14  Orbital Command, SCV  
  25  3:19  Barracks  
  26  3:25  Supply Depot  
  26  3:36  Hellion x2  
  30  3:44  SCV  
  30  3:45  Barracks Tech Lab  
  29  3:58  Hellion x2  
  29  4:05  Marauder  
  31  4:12  SCV x2  
  31  4:16  Terran Infantry Weapons Level 1  
  33  4:17  Barracks Tech Lab  
  33  4:19  Hellion x2  
  38  4:24  SCV  
  36  4:39  Marauder  
  36  4:40  Hellion x2  
  40  4:52  Marauder  
  40  4:54  SCV, Stimpack  
  40  4:56  Orbital Command  
  36  5:01  Marauder  
  36  5:02  Hellion x2  
  42  5:19  Concussive Shells  
  42  5:23  Hellion  
  42  5:27  Marauder x2  
  50  5:30  SCV  
  51  5:40  Missile Turret  
  51  5:45  Missile Turret  
  51  5:49  Marauder x2  
  55  5:53  Factory Reactor  
  49  6:27  Marauder x2  
  55  6:33  Hellion x2  
  57  6:48  Barracks x2, Marauder x2, Armory  
  57  6:49  Refinery, SCV  
  57  6:50  Refinery, SCV x2  
  66  6:54  Hellion x2, Barracks  
  64  7:01  SCV  
  64  7:02  SCV x2  
  45  7:10  Marauder x2  
  47  7:15  Hellion  
  47  7:16  Hellion  
  43  7:27  Terran Infantry Armor Level 1  
  43  7:31  Marauder x2  
  43  7:36  Barracks Tech Lab x2  
  49  7:37  Hellion  
  49  7:41  Combat Shield  
  46  7:52  Marauder x2  
  50  8:03  Hellion x2  
  50  8:05  Marauder x2  
  54  8:06  Barracks Reactor  
  46  8:14  Marauder x2  
  44  8:24  Hellion  
  44  8:25  Hellion  
  44  8:26  Marauder x2  
  49  8:35  SCV, Marauder x2  
  49  8:36  SCV x2  
  56  8:46  Hellion x2  
  56  8:47  SCV  
  61  8:58  Supply Depot x2  
  61  8:59  Supply Depot  
  61  9:00  Supply Depot  
  61  9:01  Supply Depot  
  61  9:19  SCV x3, Hellion  
  61  9:20  Hellion, Marauder  
  54  9:31  SCV x2  
  46  9:39  Marauder x2  
  46  9:40  Marauder, Marine  
  46  9:41  Marauder, Marine  
  53  9:45  SCV x2  
  54  9:55  SCV  
  54  9:57  SCV  
  54  9:58  SCV, Marine  
  54  9:59  Marine  
  59  10:01  Marauder x3  
  59  10:02  Marauder  
  67  10:09  SCV  
  67  10:10  Starport, Terran Infantry Armor Level 2  
  69  10:16  Marine x2  
  70  10:22  Marauder  
  70  10:27  SCV x2  
  74  10:35  Marauder x3  
  80  10:39  SCV x2  
  82  10:43  Marauder  
  82  10:47  Widow Mine  
  82  10:48  Widow Mine  
  88  10:51  SCV, Missile Turret  
  88  10:56  Marauder  
  91  10:58  Missile Turret  
  91  11:01  Orbital Command  
  91  11:07  Marauder  
  91  11:08  Marauder x2  
  91  11:09  Widow Mine  
  99  11:18  Marauder  
  101  11:40  Supply Depot x2  
  101  11:41  Starport Tech Lab  
  101  11:43  Supply Depot  
  101  12:01  SCV x3, Marauder x2  
  108  12:09  Missile Turret  
  108  12:13  SCV x3, Engineering Bay  
  111  12:15  Terran Vehicle Weapons Level 1  
  111  12:18  Corvid Reactor  
  111  12:19  Medivac  
  117  12:23  Marauder x3  
  117  12:24  Marauder, Marine x2  
  117  12:25  SCV x2  
  125  12:35  Supply Depot  
  125  12:39  Supply Depot  
  125  12:57  SCV x3, Marauder, Marine x2  
  125  12:58  Command Center  
  132  13:01  Medivac  
  132  13:05  Siege Tank  
  137  13:06  Supply Depot  
  137  13:07  Marine x2  
  137  13:09  SCV x2  
  141  13:16  Marauder  
  141  13:20  Marauder  
  141  13:21  Marauder  
  141  13:24  Marine  
  141  13:25  Marine  
  130  13:32  Supply Depot  
  130  13:33  Supply Depot x2  
  130  13:34  Terran Infantry Weapons Level 2, Supply Depot  
  130  13:35  Supply Depot  
  130  13:37  Siege Tank  
  130  13:38  Marauder  
  135  13:42  Marine x2  
  135  13:58  Supply Depot  
  135  14:24  Marauder  
  135  14:25  Marauder x2, Marine  
  135  14:26  Marine, Siege Tank  
  146  14:46  Marauder x3  
  136  14:58  Siege Tank  
  134  15:07  Marauder  
  125  15:21  Marauder  
  125  15:22  Marauder, Marine x3  
  125  15:23  Marine  
  115  15:28  Marauder  
Show
View Real Time Build Order
Export as new Build Order

qqq Zerg 

Build Orders: Hatch First, Brood Lord Corruptor 

Get SALT Encoding   

  12  0:06  Drone  
  13  0:13  Drone  
  14  0:19  Overlord  
  14  0:47  Hatchery  
  13  1:14  Drone x3  
  16  1:18  Spawning Pool  
  15  1:33  Drone  
  16  1:50  Drone x2  
  16  1:52  Extractor  
  17  2:04  Drone x2  
  19  2:16  Queen x2  
  19  2:18  Drone x2  
  19  2:20  Drone  
  26  2:37  Drone  
  26  2:38  Drone  
  28  2:44  Hatchery, Overlord  
  27  2:52  Zergling x2  
  27  2:54  Overlord  
  28  3:05  Metabolic Boost  
  28  3:07  Zergling x4  
  28  3:09  Overlord  
  28  3:12  Drone  
  31  3:22  Zergling x4  
  31  3:25  Zergling x6  
  36  3:30  Zergling x2  
  36  3:31  Zergling x2  
  36  3:33  Zergling x2  
  39  3:40  Lair  
  39  3:43  Zergling x2  
  39  3:47  Zergling x2  
  37  4:06  Zergling x8  
  39  4:10  Zergling x10  
  39  4:11  Zergling x2  
  41  4:19  Roach Warren  
  41  4:23  Drone x2  
  39  4:24  Zergling x2  
  39  4:31  Drone x2  
  36  4:50  Drone x4, Zergling x4  
  36  4:51  Zergling x6  
  45  4:55  Zergling x2  
  45  4:56  Zergling x2  
  47  5:03  Zergling x6  
  47  5:05  Zergling x2  
  46  5:07  Roach  
  45  5:20  Queen  
  47  5:21  Drone x2  
  47  5:22  Roach  
  47  5:23  Roach  
  53  5:30  Drone x4  
  53  5:34  Overlord  
  57  5:42  Spire  
  56  5:51  Overlord  
  56  5:52  Drone  
  56  5:54  Overlord  
  57  6:01  Extractor  
  57  6:02  Extractor, Drone x2  
  57  6:03  Drone x3  
  60  6:19  Drone x6  
  64  6:34  Extractor  
  63  6:40  Spine Crawler  
  63  6:41  Drone x5  
  63  6:42  Drone x4, Spore Crawler  
  63  6:47  Roach  
  72  6:49  Queen  
  74  6:54  Extractor  
  74  6:55  Extractor  
  74  6:57  Roach x2  
  74  6:58  Roach  
  78  7:07  Mutalisk  
  78  7:08  Mutalisk x2, Roach  
  79  7:13  Mutalisk  
  76  7:16  Roach x2  
  76  7:22  Roach x2  
  80  7:25  Roach  
  80  7:26  Zergling x4  
  70  7:32  Roach  
  53  7:47  Mutalisk  
  53  7:49  Zergling x6  
  51  8:02  Drone x3  
  51  8:03  Drone x4  
  55  8:21  Drone x5  
  55  8:26  Drone  
  61  8:34  Drone x2  
  61  8:36  Drone  
  61  8:37  Queen  
  66  8:43  Drone x5  
  66  8:44  Drone x2  
  66  8:48  Drone x2  
  75  8:52  Hatchery  
  70  9:14  Mutalisk  
  70  9:15  Mutalisk x2  
  60  9:36  Infestation Pit  
  59  9:41  Drone x2  
  59  9:42  Drone x4, Mutalisk  
  59  9:43  Zergling x6  
  59  9:44  Zergling x2, Overlord x2  
  59  9:45  Zergling x6  
  72  10:09  Drone x2, Zergling x2  
  72  10:10  Zergling x2  
  72  10:11  Roach  
  78  10:19  Hive  
  78  10:21  Hatchery  
  78  10:24  Roach  
  78  10:25  Roach  
  81  10:28  Roach  
  81  10:34  Hatchery, Queen  
  84  10:40  Mutalisk  
  86  10:45  Overseer  
  86  10:50  Drone x6  
  86  10:52  Drone  
  86  10:53  Drone  
  82  11:39  Greater Spire  
  82  11:43  Spire  
  82  11:45  Drone x4  
  82  11:46  Drone x4  
  82  11:47  Drone x3, Corruptor x2, Overlord x2  
  92  11:48  Corruptor x3  
  92  11:53  Drone x2  
  92  11:54  Drone  
  105  12:04  Corruptor x2  
  105  12:06  Corruptor  
  111  12:10  Corruptor  
  113  12:25  Corruptor x2  
  117  12:32  Corruptor, Overlord x2  
  117  12:33  Drone x2  
  117  12:34  Drone x3  
  124  12:37  Extractor x2  
  120  12:44  Corruptor  
  120  12:45  Corruptor  
  117  12:52  Overseer  
  117  12:55  Brood Lord x2  
  117  12:56  Brood Lord x2  
  117  12:58  Brood Lord  
  127  13:00  Brood Lord  
  127  13:04  Corruptor  
  131  13:20  Corruptor x2  
  131  13:26  Overlord x5  
  133  13:27  Pneumatized Carapace  
  123  13:43  Brood Lord x3  
  123  13:48  Zerg Flyer Weapons Level 1  
  129  13:51  Drone x2  
  129  13:52  Drone x2, Spore Crawler, Overlord x2  
  132  14:00  Brood Lord x2  
  136  14:24  Brood Lord  
  136  14:25  Brood Lord, Corruptor  
  136  14:27  Corruptor x2  
  110  14:50  Zergling x2  
  110  14:51  Zergling x12  
  110  14:52  Zergling x12  
  125  14:53  Zergling x2  
  100  15:08  Corruptor  
  100  15:09  Hydralisk Den, Corruptor  
  100  15:14  Brood Lord x3  
  107  15:27  Corruptor x3  
  107  15:28  Corruptor x2  
  103  15:30  Drone x3  
  103  15:31  Drone x3  
Show
View Real Time Build Order
Export as new Build Order

BlackBerry Zerg - Winner!

Build Orders: Hatch First, Lurkers 

Get SALT Encoding   

  12  0:00  Drone  
  13  0:13  Overlord  
  13  0:20  Drone  
  14  0:23  Extractor  
  14  0:25  Drone  
  15  0:36  Drone  
  15  0:37  Drone  
  17  0:57  Drone  
  17  0:58  Drone  
  17  1:03  Hatchery  
  18  1:07  Extractor  
  17  1:13  Spawning Pool  
  17  1:16  Drone  
  17  1:20  Drone  
  18  1:30  Drone  
  19  1:40  Drone  
  20  1:50  Overlord  
  20  2:00  Queen  
  22  2:14  Queen  
  24  2:15  Metabolic Boost  
  24  2:18  Zergling x4  
  24  2:20  Drone  
  27  2:27  Drone x2  
  28  2:48  Hatchery  
  27  2:58  Drone, Baneling Nest  
  27  2:59  Drone  
  27  3:00  Overlord  
  27  3:04  Zergling x2  
  27  3:05  Zergling x2  
  30  3:07  Zergling x2  
  31  3:18  Queen  
  33  3:23  Overlord  
  33  3:33  Drone x4  
  37  3:41  Spore Crawler  
  36  3:42  Drone  
  36  3:43  Drone  
  36  3:44  Drone  
  39  3:58  Zergling x2  
  39  3:59  Zergling x8  
  41  4:11  Baneling  
  41  4:16  Zergling x2  
  40  4:17  Zergling x12  
  46  4:28  Baneling  
  46  4:30  Baneling x2  
  45  4:36  Drone x5  
  45  4:37  Drone  
  50  4:52  Baneling  
  48  4:56  Zergling x2  
  48  4:57  Zergling x8  
  48  4:58  Zergling x2  
  48  5:15  Zergling x12  
  52  5:25  Lair  
  52  5:28  Overlord x3  
  52  5:31  Baneling x2  
  52  5:33  Baneling  
  52  5:38  Queen  
  52  5:39  Drone  
  55  5:45  Drone  
  55  5:47  Hatchery, Evolution Chamber  
  54  5:55  Evolution Chamber  
  54  5:57  Drone x2  
  54  5:58  Drone x2  
  54  5:59  Drone x4  
  54  6:00  Zergling x6  
  54  6:01  Zergling x2  
  65  6:07  Extractor  
  61  6:21  Zergling x12  
  61  6:24  Baneling x2  
  67  6:26  Baneling x2  
  67  6:28  Zerg Melee Weapons Level 1  
  67  6:32  Drone x3  
  70  6:33  Zerg Ground Armor Level 1  
  70  6:47  Overlord x3  
  70  6:51  Extractor x2  
  62  7:15  Zergling x24  
  68  7:22  Baneling x3  
  71  7:26  Drone  
  71  7:27  Drone x7  
  78  7:37  Spore Crawler  
  78  7:38  Spore Crawler  
  78  7:39  Drone, Spore Crawler  
  78  7:41  Spore Crawler x2  
  78  7:43  Spore Crawler  
  66  7:52  Queen x2  
  68  7:59  Hydralisk Den  
  68  8:00  Queen, Spore Crawler  
  68  8:01  Drone x3  
  68  8:17  Zergling x8  
  68  8:18  Zergling x14  
  68  8:19  Zergling x4  
  73  8:39  Extractor  
  73  8:40  Extractor  
  71  8:44  Grooved Spines  
  71  8:47  Zerg Missile Weapons Level 1  
  70  8:51  Drone x3  
  70  8:52  Drone x2  
  70  8:53  Drone x7  
  82  8:59  Spine Crawler  
  82  9:01  Spore Crawler  
  80  9:08  Hydralisk x4  
  80  9:09  Hydralisk  
  90  9:16  Hydralisk x2  
  78  9:17  Hydralisk  
  77  9:29  Zerg Ground Armor Level 2  
  75  9:37  Hydralisk x2  
  79  9:42  Zergling x2  
  79  9:43  Zergling x6  
  83  9:50  Drone x3  
  83  9:52  Drone x2  
  88  9:56  Muscular Augments  
  88  10:06  Hydralisk x3  
  92  10:13  Drone x2  
  96  10:15  Lurker Den  
  95  10:23  Queen  
  95  10:24  Drone x3  
  95  10:26  Spine Crawler  
  99  10:34  Baneling x4  
  99  10:35  Centrifical Hooks  
  99  10:48  Zerg Missile Weapons Level 2  
  99  10:52  Overlord x5  
  99  10:57  Drone x3  
  99  10:58  Drone  
  103  11:12  Drone x7  
  103  11:13  Drone x2  
  112  11:28  Queen  
  112  11:29  Overlord x2  
  114  11:34  Lurker x10  
  124  11:44  Drone x5  
  129  11:47  Extractor  
  129  11:48  Extractor, Hydralisk x3  
  133  11:54  Overseer  
  133  11:56  Overseer  
  133  12:06  Hydralisk x6  
  133  12:07  Hydralisk  
  147  12:11  Drone x3  
  150  12:28  Spine Crawler  
  150  12:29  Hatchery  
  148  12:31  Spine Crawler  
  147  12:43  Lurker  
  146  12:54  Drone x3  
  146  12:56  Drone x3  
  146  12:57  Overlord x5  
  147  13:23  Hydralisk  
  147  13:24  Hydralisk x7  
  147  13:25  Hydralisk  
  158  13:44  Hydralisk x9  
  158  13:45  Hydralisk x6  
  188  13:57  Queen  
  188  13:58  Drone x2  
  192  14:03  Zergling x8  
  196  14:17  Infestation Pit  
  173  14:58  Lurker x3  
  174  15:04  Hydralisk x2  
  174  15:05  Hydralisk x8  
  160  15:30  Hydralisk x8  
  160  15:31  Hydralisk x7  
  160  15:32  Hydralisk x2  
Show
View Real Time Build Order
Export as new Build Order

PakaZerg Terran - Winner!

Build Orders: Hellion Opening 

Get SALT Encoding   

  12  0:01  SCV  
  13  0:14  SCV  
  14  0:19  Supply Depot  
  14  0:26  SCV  
  15  0:35  Refinery  
  15  0:42  Barracks  
  15  0:45  SCV  
  16  0:58  SCV  
  17  1:10  SCV  
  18  1:31  SCV  
  18  1:41  Factory  
  18  1:43  Orbital Command  
  18  1:56  Supply Depot  
  18  1:58  Barracks Reactor  
  18  2:08  SCV  
  18  2:11  Command Center  
  19  2:20  SCV  
  20  2:32  SCV  
  20  2:33  Refinery, Starport  
  21  2:45  Hellion x2  
  21  2:47  Barracks Tech Lab, SCV  
  26  3:01  SCV  
  27  3:07  Hellion x2  
  31  3:21  Armory  
  31  3:23  SCV  
  32  3:30  Supply Depot  
  32  3:34  Hellion  
  32  3:35  SCV  
  32  3:41  Hellion  
  37  3:47  SCV  
  38  3:52  Orbital Command  
  38  4:16  Hellion x2  
  40  4:29  Starport Reactor  
  40  4:37  Hellion x2  
  44  4:58  Hellion  
  44  4:59  Hellion  
  46  5:09  SCV  
  46  5:10  SCV  
  46  5:11  Medivac x2  
  52  5:20  Hellion  
  54  5:21  SCV  
  54  5:22  SCV  
  54  5:25  Terran Vehicle Weapons Level 1  
  56  5:34  SCV  
  56  5:35  Armory  
  57  5:38  Command Center  
  57  5:40  Hellion x2  
  57  5:41  Hellion x9, Medivac x2  
  61  5:46  Factory  
  61  6:31  SCV  
  62  6:35  Supply Depot  
  62  6:36  SCV, Hellion x2, Medivac, Supply Depot  
  62  6:39  Supply Depot  
  69  6:40  Engineering Bay  
  69  6:43  SCV  
  69  6:45  Refinery  
  70  6:47  Refinery  
  70  6:50  SCV, Siege Tank  
  74  6:55  SCV  
  74  6:57  Hellion x2  
  77  7:02  SCV  
  77  7:07  SCV  
  75  7:14  SCV  
  76  7:20  SCV  
  76  7:22  Siege Tank  
  80  7:26  SCV  
  81  7:32  SCV  
  68  8:00  Thor  
  64  8:11  Missile Turret  
  64  8:12  Missile Turret x2  
  64  8:14  Missile Turret  
  64  8:15  Missile Turret  
  64  8:16  SCV x2  
  64  8:18  Missile Turret  
  66  8:25  Factory  
  66  8:28  SCV x2  
  66  8:30  Factory  
  66  8:33  Missile Turret  
  68  8:34  Missile Turret x2  
  68  8:35  Missile Turret  
  68  8:36  Missile Turret  
  68  8:40  SCV x2  
  70  8:43  Thor  
  76  8:50  Widow Mine x2  
  76  8:52  SCV x2  
  76  8:54  Drilling Claws  
  82  8:59  Supply Depot  
  82  9:01  Supply Depot  
  82  9:02  Medivac  
  84  9:04  SCV x2  
  86  9:12  Widow Mine x2  
  87  9:26  Thor  
  88  9:43  Widow Mine x2  
  92  9:46  Factory Tech Lab x2  
  92  10:01  Factory  
  92  10:02  Factory  
  92  10:03  Factory  
  92  10:04  Widow Mine  
  92  10:05  Widow Mine  
  96  10:08  Thor  
  96  10:12  Orbital Command  
  102  10:15  SCV x2  
  104  10:21  Thor  
  104  10:26  Refinery  
  104  10:27  SCV x2  
  104  10:28  Refinery  
  112  10:33  Missile Turret  
  112  10:35  Missile Turret  
  112  10:37  Hi-Sec Auto Tracking, Missile Turret x2  
  112  10:39  SCV, Missile Turret  
  113  10:46  SCV x2  
  115  10:51  SCV  
  116  10:58  SCV  
  116  11:03  Missile Turret  
  117  11:12  Thor  
  123  11:30  Widow Mine  
  125  11:40  Factory Tech Lab x3  
  125  11:57  Command Center  
  125  12:01  Smart Servos  
  125  12:02  Infernal Pre-Igniter  
  125  12:05  Mag-Field Accelerator  
  125  12:36  Missile Turret  
  125  12:39  Missile Turret  
  125  12:42  Missile Turret  
  125  12:46  Missile Turret x2  
  125  12:48  Missile Turret  
  125  13:03  Missile Turret  
  125  13:08  SCV x2, Thor, Siege Tank  
  125  13:09  Widow Mine x2  
  125  13:12  Command Center, Thor  
  140  13:16  Thor x7  
  140  13:18  Thor x7  
  140  13:21  Thor x7  
  140  13:35  Missile Turret  
  140  13:37  Barracks Tech Lab  
  140  13:38  Missile Turret  
  140  13:40  Missile Turret  
  140  13:41  Ghost Academy  
  140  13:46  Missile Turret  
  140  13:49  Missile Turret  
  140  13:58  Missile Turret  
  140  13:59  Missile Turret  
  140  14:05  Missile Turret  
  140  14:07  Planetary Fortress  
  140  14:13  Refinery  
  140  14:17  Refinery  
  140  14:22  Missile Turret  
  140  14:23  Thor, Missile Turret  
  140  14:24  Widow Mine, SCV x3  
  151  14:25  Missile Turret  
  151  14:26  Barracks  
  151  14:31  Barracks  
  151  14:36  SCV x3  
  152  14:46  Missile Turret  
  152  14:48  SCV x3  
  155  14:55  Missile Turret x2  
  151  15:00  SCV  
  151  15:06  Siege Tank  
  153  15:07  Missile Turret  
  153  15:16  Missile Turret x2  
  151  15:29  Missile Turret  
  147  15:40  Sensor Tower  
Tags
 
Add a new tag
Caveats
  • Supply blocks, unpowered buildings, or Contaminate may cause inaccurate times.
  • Supply counts are checked every 10 seconds.